 Dungeon Crawl Stone Soup version 0.29.1-12-g30fa7ad0bf (webtiles) character file.

Game seed: 12674239929317062688

2842 raph the Arsonist (level 9, 0/50 HPs)
             Began as a Deep Elf Fire Elementalist on Jan 16, 2023.
             Was a Believer of Kikubaaqudgha.
             Shot with an arrow by a centaur warrior (4 damage)
             ... on level 8 of the Dungeon.
             The game lasted 00:13:47 (9223 turns).

raph the Arsonist (Deep Elf Fire Elementalist)      Turns: 9223, Time: 00:13:48

Health: 0/50       AC:  7    Str:  5    XL:     9   Next: 46%
Magic:  18/22      EV: 14    Int: 25    God:    Kikubaaqudgha [**....]
Gold:   382        SH:  0    Dex: 15    Spells: 2/22 levels left

rFire   . . .      SeeInvis .   s - +0 scimitar (drain)
rCold   . . .      Faith    .   (no shield)
rNeg    + . .      Spirit   .   a - +0 robe
rPois   +          Reflect  .   w - +1 hat
rElec   .          Harm     .   (no cloak)
rCorr   .          Rampage  .   n - +1 pair of gloves
Will    .....                   c - +1 pair of boots
Stlth   ++........              (no amulet)
HPRegen 0.16/turn               k - ring of positive energy
MPRegen 0.18/turn               v - ring of poison resistance

@: studying Unarmed Combat
A: no striking features
a: Renounce Religion, Unearth Wretches


You were on level 8 of the Dungeon.
You worshipped Kikubaaqudgha.
Kikubaaqudgha was pleased with you.
You visited 1 branch of the dungeon, and saw 8 of its levels.

You collected 452 gold pieces.
You spent 70 gold pieces at shops.

Inventory:

Hand Weapons
 f - a +0 short sword
 s - a +0 scimitar of draining (weapon)
Armour
 a - a +0 robe (worn)
 c - a +1 pair of boots (worn)
 n - a +1 pair of gloves (worn)
 w - a +1 hat (worn)
Jewellery
 k - a ring of positive energy (left hand)
 v - a ring of poison resistance (right hand)
Wands
 r - a wand of iceblast (6)
 x - a wand of polymorph (8)
Scrolls
 e - a scroll of immolation
 h - 2 scrolls of blinking
 l - 3 scrolls of teleportation
 q - 3 scrolls of amnesia
 y - a scroll of fear
Potions
 b - a potion of magic
 d - a potion of resistance {unknown}
 g - 3 potions of curing
 i - a potion of ambrosia {unknown}
 j - 5 potions of flight
 m - a potion of heal wounds
 o - a potion of cancellation
 p - a potion of invisibility {unknown}
 t - a potion of mutation
 u - a potion of brilliance
 z - a potion of haste {unknown}


   Skills:
 + Level 3.0 Fighting
 + Level 5.4 Dodging
 - Level 2.6 Stealth
 + Level 7.4 Spellcasting
 + Level 7.4 Conjurations
 + Level 2.4 Hexes
 + Level 4.4 Necromancy
 + Level 8.1 Fire Magic


You had 2 spell levels left.
You knew the following spells:

 Your Spells              Type           Power      Damage    Failure   Level
a - Foxfire               Conj/Fire      100%       2x1d9     1%          1
b - Scorch                Fire           98%        2d9       1%          2
c - Conjure Flame         Conj/Fire      48%        6-21      1%          3
d - Inner Flame           Hex/Fire       35%        N/A       2%          3
e - Flame Wave            Conj/Fire      48%        2d12      2%          4
f - Vampiric Draining     Necr           31%        2d8       3%          3
g - Animate Dead          Necr           31%        N/A       11%         4

Your spell library contained the following spells:

 Spells                   Type           Power      Damage    Failure   Level
 Necrotise                Necr           100%       1d9       1%          1
 Ensorcelled Hibernation  Hex/Ice        30%        N/A       6%          2
 Passwall                 Tmut/Erth      7%         N/A       10%         2
 Anguish                  Hex/Necr       13%        N/A       16%         4
 Swiftness                Air            9%         N/A       19%         3


Dungeon Overview and Level Annotations

Branches:
Dungeon (8/15)             Temple (0/1) D:7
   Lair: D:8-11

Altars:
Gozag
Kikubaaqudgha
Nemelex Xobeh
Xom

Shops:
D:1 *   D:5 [

Annotations:
D:3 2 transporters, Yolobob's ghost, amateur KoBr


Message History

The vampire mosquito is destroyed!
Kikubaaqudgha accepts your kill.
Your Fighting skill increases to level 3!
You start resting.
You start resting.
Magic restored.
You start resting.
HP restored.
You swap places.
You see here a +0 halberd.
You now have 382 gold pieces (gained 29).
You see here a +0 club.
You see here a +0 spear.
Things that are here:
a +0 spear; a +0 scale mail
p - a bubbling grey potion
Okay, then.
Found a ring mail.
You see here a +0 ring mail.
A vampire mosquito comes into view.
Casting: Foxfire (safe; 1% risk of failure)
Confirm with . or Enter, or press ? or * to list all spells.
Flames lash the vampire mosquito.
The vampire mosquito buzzes angrily.
The vampire mosquito is lightly damaged.
The vampire mosquito's fire resistance burns away.
A centaur warrior comes into view.
The vampire mosquito barely misses you.
Casting: Scorch (safe; 1% risk of failure)
Confirm with . or Enter, or press ? or * to list all spells.
Flames lash the centaur warrior.
The centaur warrior is lightly wounded.
The centaur warrior's fire resistance burns away.
The centaur warrior wields a +1 vorpal shortbow.
The centaur warrior shoots an arrow.
The arrow hits you!! The vampire mosquito misses you.
The centaur warrior shoots an arrow.
The arrow hits you!!
* * * LOW HITPOINT WARNING * * *
You die...
Kikubaaqudgha rasps: "You have failed me!
Welcome... death!"

## ## ######
.#. ###..[.#
#y##.#
##...##.###@..#
#..####.##Z##.#
######.##
#...## c#
...##..# #.##.#
# ##....## ###
## .#....#
!#....#####
....>.....#
##....###...


You could see a centaur warrior (combustible), a vampire mosquito (combustible,
ally target) and a friendly gnoll sergeant zombie.

Vanquished Creatures
  A hydra (D:6)
  A shadow (D:6)
  A water moccasin (D:7)
  2 black bears
  An ice beast (D:7)
  3 ogres
  A centaur (D:5)
  A kobold brigand (D:7)
  2 bullfrogs
  A necrophage (D:4)
  2 gnoll sergeants
  2 scorpions (D:4)
  A wight (D:6)
  4 orc priests
  2 jellies
  A gnoll bouda (D:4)
  4 iguanas
  3 orc wizards
  9 adders
  10 gnolls
  A river rat (D:4)
  A shadow imp (D:6)
  3 white imps
  An ufetubus (D:7)
  A dart slug (D:5)
  15 orcs
  5 ball pythons
  6 bats
  5 endoplasms
  5 giant cockroaches
  6 goblins
  5 hobgoblins
  6 jackals (D:1)
  5 kobolds
  2 frilled lizards (D:3)
  5 rats
124 creatures vanquished.

Vanquished Creatures (collateral kills)
  A vampire mosquito (D:8)
  2 gnolls (D:8)
3 creatures vanquished.

Vanquished Creatures (others)
  3 gnoll zombies (D:8)
  384 foxfires
  A plant (D:5)
388 creatures vanquished.

Grand Total: 515 creatures vanquished

Notes
Turn   | Place    | Note
-------+----------+-------------------------------------------
     0 | D:1      | raph the Deep Elf Fire Elementalist began the quest for the
                  | Orb.
     0 | D:1      | Reached XP level 1. HP: 10/10 MP: 6/6
   376 | D:1      | Reached XP level 2. HP: 13/15 MP: 5/8
   379 | D:1      | Learned a level 2 spell: Scorch
   834 | D:1      | Found Ulaps's General Store.
  1523 | D:2      | Reached XP level 3. HP: 19/19 MP: 4/9
  1527 | D:2      | Learned a level 3 spell: Conjure Flame
  1587 | D:2      | Reached skill level 4 in Fire Magic
  2508 | D:3      | Found a transporter.
  2601 | D:1      | Bought a potion of heal wounds for 70 gold pieces
  2926 | D:3      | Noticed a small abomination
  2948 | D:3      | Found a transporter.
  3004 | D:3      | Noticed Yolobob's ghost (amateur KoBr)
  3005 | D:3      | Noticed a small abomination
  3049 | D:3      | Found a faded altar of an unknown god.
  3169 | D:4      | Found an ancient bone altar of Kikubaaqudgha.
  3196 | D:4      | Became a worshipper of Kikubaaqudgha
  3279 | D:4      | Reached XP level 4. HP: 24/24 MP: 5/10
  3322 | D:4      | Noticed a scorpion
  3372 | D:4      | Killed a scorpion
  3574 | D:4      | You fall into a shaft and drop 3 floors!
  3584 | D:7      | Noticed a black bear
  3617 | D:7      | Noticed a black bear
  3655 | D:7      | Noticed a gnoll sergeant
  3662 | D:6      | Noticed an ogre
  3664 | D:5      | Entered Level 5 of the Dungeon
  3740 | D:4      | Found a glowing drain.
  3754 | D:4      | Reached XP level 5. HP: 28/28 MP: 3/11
  3816 | D:3      | Reached skill level 5 in Fire Magic
  4067 | D:4      | Noticed an ogre
  4205 | D:4      | Killed an ogre
  4206 | D:4      | Reached XP level 6. HP: 32/32 MP: 7/12
  4331 | D:4      | Learned a level 3 spell: Inner Flame
  4527 | D:4      | Reached skill level 5 in Conjurations
  4527 | D:4      | Reached skill level 6 in Fire Magic
  5156 | D:5      | Reached XP level 7. HP: 16/36 MP: 8/15
  5328 | D:5      | Found Goatar's Antique Armour Emporium.
  5348 | D:5      | Learned a level 4 spell: Flame Wave
  5666 | D:5      | Identified a scroll of acquirement
  5666 | D:5      | Acquired a +0 scimitar of draining
  5683 | D:5      | Reached skill level 5 in Spellcasting
  5739 | D:5      | Reached * piety under Kikubaaqudgha
  5739 | D:5      | Received a gift from Kikubaaqudgha
  5887 | D:5      | Found a sparkling altar of Nemelex Xobeh.
  6918 | D:6      | Reached skill level 1 in Necromancy
  7125 | D:6      | Reached skill level 1 in Fighting
  7125 | D:6      | Reached skill level 7 in Fire Magic
  7125 | D:6      | Reached XP level 8. HP: 43/43 MP: 10/18
  7128 | D:6      | Noticed an eight-headed hydra
  7336 | D:6      | Found a shimmering altar of Xom.
  7645 | D:6      | Killed an eight-headed hydra
  8054 | D:6      | Reached XP level 9. HP: 40/49 MP: 12/21
  8058 | D:6      | Learned a level 3 spell: Vampiric Draining
  8063 | D:6      | Learned a level 4 spell: Animate Dead
  8299 | D:7      | Reached skill level 1 in Hexes
  8301 | D:7      | Reached skill level 5 in Dodging
  8660 | D:7      | Reached skill level 8 in Fire Magic
  8785 | D:7      | Found a staircase to the Ecumenical Temple.
  8924 | D:8      | Reached ** piety under Kikubaaqudgha
  8973 | D:8      | Found an opulent altar of Gozag.
  9222 | D:8      | Noticed a centaur warrior
  9223 | D:8      | Shot with an arrow by a centaur warrior

Illustrated notes

Levels and vault maps discovered:
D:1:      spicycebolla_arrival_risky_transporter, layout_basic, serial_shops,
          nicolae_shop_hallway_stairs
D:2:      layout_loops_ring
D:3:      layout_loops_ring, hellmonk_ecumenical_altar_leap_of_faith,
          gammafunk_ghost_abyssal_escape
D:4:      layout_loops_cross, amcnicky_altar_gilded, portal_sewer_entry_a
D:5:      kennysheep_spiral_hall, layout_basic, nemelex_altar_shiori,
          serial_shops, nicolae_take_the_stairs, hangedman_decor_peaks_small,
          saegor_snake_ambush
D:6:      layout_basic, xom_teletrap_fun, minmay_manual_moon
D:7:      layout_rooms, temple_statues, corexii_corridor_pit
D:8:      minmay_cornered_nines, layout_basic, nicolae_elyvilon_peaceful_grove,
          mainiacjoe_overflow_catch_the_wave, erik_lair_island, serial_shops,
          nicolae_shop_temple_entry_statues_fountains

Skill      XL: |  1  2  3  4  5  6  7  8  9 |
---------------+----------------------------+-----
Conjurations   | 2 3 4 5 6 7 |  7.4
Fire Magic     | 4 5 6 7 8 |  8.1
Spellcasting   | 4 5 6 7 |  7.4
Dodging        | 3 4 5 |  5.4
Necromancy     | 1 3 4 |  4.4
Fighting       | 1 2 3 |  3.0
Hexes          | 2 |  2.4
Stealth        | |  2.6

Action                   |  1- 3 |  4- 6 |  7- 9 || total
-------------------------+-------+-------+-------++-------
Melee: Unarmed           |     1 |       |       ||     1
       Short sword       |     2 |     2 |       ||     4
       Scimitar          |       |       |     2 ||     2
 Cast: Foxfire           |    58 |    53 |   119 ||   230
       Scorch            |    19 |    16 |    34 ||    69
       Conjure Flame     |       |     2 |     3 ||     5
       Inner Flame       |       |     1 |     2 ||     3
       Flame Wave        |       |       |     7 ||     7
       Animate Dead      |       |       |     1 ||     1
  Use: Scroll            |    10 |     2 |     6 ||    18
       Potion            |       |       |     1 ||     1
Armor: Robe              |     8 |     3 |    10 ||    21
Dodge: Dodged            |     9 |    18 |    27 ||    54
